 Dungeon Crawl Stone Soup version 0.18-a0-1626-g65af6d3 (webtiles) character file.

940 namelastname112 the Skirmisher (level 7, -3/66 HPs)
             Began as a Yellow Draconian Wanderer on Mar 24, 2016.
             Slain by Pikel
             ... wielding a +0 whip of electrocution
              (13 damage)
             ... on level 5 of the Dungeon.
             The game lasted 00:06:37 (4844 turns).

namelastname112 the Skirmisher (DrWn)               Turns: 4844, Time: 00:06:38

Health: -3/66      AC:  8    Str: 12    XL:     7   Next: 88%
Magic:  7/7        EV: 13    Int: 13    God:
Gold:   138        SH:  0    Dex: 14    Spells: 0 memorised, 6 levels left

rFire  . . .     SeeInvis .     g - +0 dagger (venom)
rCold  . . .     Gourm    .     (armour unavailable)
rNeg   . . .     Faith    .     (no shield)
rPois  .         Spirit   .     (helmet restricted)
rElec  .         Dismiss  .     o - +0 cloak
rCorr  +         Reflect  .     (no gloves)
SustAt .         Harm     .     k - +0 pair of boots
MR     .....     Rnd*Tele +     (no amulet)
Stlth  +++.......               (no ring)
                                h - ring of teleportation (curse)

@: not resistant to hostile enchantments, fairly stealthy
A: spit acid, acid resistance, unfitting armour, cold-blooded, AC +6
a: Spit Acid


You were on level 5 of the Dungeon.
You were very hungry.

You visited 1 branch of the dungeon, and saw 5 of its levels.

You collected 138 gold pieces.

Inventory:

Hand Weapons
 g - a +0 dagger of venom (weapon)
Armour
 b - a +0 buckler
 k - a +0 pair of boots (worn)
 o - a +0 cloak (worn)
Jewellery
 h - a cursed ring of teleportation (left hand)
Scrolls
 a - a scroll of enchant armour {unknown}
 e - 6 scrolls of identify {unknown}
 i - 3 scrolls of remove curse {unknown}
 l - 2 scrolls of immolation {unknown}
Potions
 d - a potion of ambrosia {unknown}
 j - a potion of invisibility {unknown}
 m - a potion of might
 n - a potion of curing
Comestibles
 c - 3 bread rations
 f - 3 meat rations


   Skills:
 + Level 7.5 Fighting
 * Level 4.6 Short Blades
   Level 1.0 Bows
 - Level 2.8 Throwing
 + Level 2.5 Dodging
 * Level 5.0 Stealth
 + Level 0.8 Shields
   Level 1.0 Evocations


You had 6 spell levels left.
You didn't know any spells.

Dungeon Overview and Level Annotations

Branches:
Dungeon (5/15)
 Temple: D:4-7

Altars:
Ashenzari
Cheibriados

Annotations:
D:5 Edmund, Pikel


Innate Abilities, Weirdness & Mutations

You can spit globs of acid.
You are resistant to acid.
Your golden yellow scales are hard (AC +6).
Your body does not fit into most forms of armour.
You are cold-blooded and may be slowed by cold attacks.


Message History

Pikel hits you with a whip of electrocution.
Edmund the Younger comes into view.
He is wielding a flail of crushing.
Edmund shouts!
You hit Pikel but do no damage.
Pikel looks even sicker.
Pikel is lightly wounded.
Pikel hits you with a whip of electrocution.
The slave barely misses you.
A ball python and a zombie come into view.
You barely miss Pikel.
Pikel is moderately wounded.
Pikel hits you but does no damage.
You are electrocuted!
The slave hits you.
You hit Pikel.
Pikel is moderately wounded.
You hit Pikel.
Pikel is moderately wounded.
The slave closely misses you.
Pikel hits you with a whip of electrocution!
* * * LOW HITPOINT WARNING * * *
You are electrocuted!
You die...

# ####.. ...... ..
# ####.
...#.####### #
...Z.Spp...###.#.
# #..@pK@.........
# ......p=...#$...
# ###..####..# ...
# #. #..# #.# # #
#..# #.###.#.# #
#. #..# #......Z.
#
#..####..###.###.#
#
.#...............#
#.........#####..#


You could see Edmund, Pikel, 4 slaves, a worker ant zombie and a ball python.

Vanquished Creatures
  Menkaure (D:4)
  2 phantoms
  An ogre (D:4)
  2 scorpions (D:4)
  A howler monkey (D:4)
  3 hounds (D:4)
  A giant frog zombie (D:5)
  A giant frog skeleton (D:4)
  An iguana (D:4)
  2 worker ants (D:4)
  6 gnolls
  3 adders
  A shadow imp (D:5)
  3 worms
  4 dart slugs
  4 giant geckos
  6 orcs
  10 bats
  3 giant cockroaches
  9 goblins
  7 hobgoblins
  4 jackals (D:4)
  4 quokkas
  A giant cockroach zombie (D:5)
  A giant gecko skeleton (D:5)
  A giant newt (D:3)
  13 kobolds
  9 rats
104 creatures vanquished.

Notes
Turn   | Place    | Note
--------------------------------------------------------------
     0 | D:1      | namelastname112 the Draconian Wanderer began the quest for the Orb.
     0 | D:1      | namelastname112 set off with: a +2 short sword, 2 potions of lignification, a bread ration
     0 | D:1      | Reached XP level 1. HP: 25/25 MP: 1/1
   455 | D:1      | Reached skill level 1 in Stealth
   474 | D:1      | Reached XP level 2. HP: 26/31 MP: 2/2
  1189 | D:2      | Found a snail-covered altar of Cheibriados.
  1235 | D:2      | Reached XP level 3. HP: 9/38 MP: 3/3
  1920 | D:2      | Reached XP level 4. HP: 33/45 MP: 4/4
  2434 | D:3      | Reached skill level 1 in Dodging
  2751 | D:2      | HP: 2/45 [adder (2)]
  3057 | D:3      | Reached XP level 5. HP: 51/51 MP: 5/5
  3347 | D:4      | Reached skill level 7 in Fighting
  3386 | D:4      | Noticed a phantom
  3514 | D:4      | Reached XP level 6. HP: 53/60 MP: 6/6
  3563 | D:4      | Found a shattered altar of Ashenzari.
  3827 | D:4      | Your scales start taking on a golden yellow colour.
  3827 | D:4      | Reached XP level 7. HP: 26/66 MP: 7/7
  4021 | D:4      | Noticed Menkaure
  4035 | D:4      | Killed Menkaure
  4370 | D:5      | Entered Level 5 of the Dungeon
  4767 | D:5      | Reached skill level 5 in Stealth
  4837 | D:5      | Noticed Pikel
  4841 | D:5      | Noticed Edmund
  4844 | D:5      | Slain by Pikel

Vault maps used:
D:1:      sevenhm_arrival_forest_fort_small_3
D:2:      cheibriados_altar_1, minivault_27
D:3:      first_bread
D:4:      ashenzari_conservatory_becter, uniq_menkaure
D:5:      gammafunk_temple_overflow_statue, temple_green,
          minmay_misc_feat_roman, uniq_edmund, uniq_pikel

Skill      XL: |  1  2  3  4  5  6  7 |
---------------+----------------------+-----
Stealth        | 1 2 3 4 5 |  5.0
Short Blades   | 2 3 4 |  4.6
Dodging        | 1 2 |  2.5
Fighting       | 7 |  7.5
Throwing       | 2 |  2.8
Bows           | |  1.0
Shields        | |  0.8
Evocations     | |  1.0

Action                   |  1- 3 |  4- 6 |  7- 9 || total
-------------------------+-------+-------+-------++-------
Melee: Short sword       |    96 |       |       ||    96
       Dagger            |    51 |   217 |   104 ||   372
       Unarmed           |     9 |     2 |     5 ||    16
 Abil: Spit Acid         |       |       |    11 ||    11
  Use: Potion            |     2 |     2 |     2 ||     6
 Stab: Sleeping          |     1 |     4 |     1 ||     6
  Eat: Chunk             |     3 |     6 |     3 ||    12
       Royal jelly       |       |       |     1 ||     1
